 Dungeon Crawl Stone Soup version 0.18.1-2-ga659475 (webtiles) character file.

561 Chiseanne the Fighter (level 7, -3/65 (68) HPs)
             Began as a Ghoul Earth Elementalist on May 8, 2016.
             Was an Initiate of Okawaru.
             Slain by a sky beast (6 damage)
             ... on level 5 of the Dungeon.
             The game lasted 00:16:10 (5773 turns).

Chiseanne the Fighter (Ghoul Earth Elementalist)    Turns: 5773, Time: 00:16:11

HP:   -3/65 (68)    AC:  3    Str: 12    XL:     7   Next: 31%
MP:   0/8           EV: 12    Int: 10    God:    Okawaru [......]
Gold: 156           SH:  0    Dex: 11    Spells: 0 memorised, 9 levels left

rFire  . . .     SeeInvis .     a - +1 whip (pain)
rCold  + . .     Gourm    .     j - +0 robe (curse)
rNeg   + + +     Faith    .     (no shield)
rPois  ∞         Spirit   +     (no helmet)
rElec  .         Dismiss  .     (no cloak)
rCorr  .         Reflect  .     i - +0 pair of gloves
SustAt .         Harm     .     (no boots)
MR     .....                    h - amulet of guardian spirit
Stlth  ++........               (no ring)
                                (no ring)

@: very slightly contaminated, rotting, not resistant to hostile enchantments,
unstealthy
A: rotting body, claws 1, carnivore 3, cold resistance 1, negative energy
resistance 3, slow regeneration 1, torment resistance, unbreathing
a: Renounce Religion


You were on level 5 of the Dungeon.
You worshipped Okawaru.
Okawaru was noncommittal.
You were very hungry.

You visited 2 branches of the dungeon, and saw 7 of its levels.

You collected 156 gold pieces.

Inventory:

Hand Weapons
 a - a +1 whip of pain (weapon)
 o - a +0 dagger of protection
 w - a +1 hunting sling
Missiles
 b - 77 stones (quivered)
 g - 5 curare-tipped needles
 m - 27 arrows
 n - 8 tomahawks
 q - 16 bolts
Armour
 i - a +0 pair of gloves (worn)
 j - a cursed +0 robe (worn)
 k - a +0 ring mail
 l - a +0 scale mail
Jewellery
 h - an amulet of guardian spirit (around neck)
Scrolls
 f - 7 scrolls of identify
 p - a scroll of amnesia
Potions
 e - 2 potions of curing
Books
 c - a book of Geomancy

   Spells                             Type                      Level
   a - Sandblast                      Earth                        1
   b - Passwall                       Transmutation/Earth          2
   c - Stone Arrow                    Conjuration/Earth            3
   d - Petrify                        Transmutation/Earth          4
   e - Lee's Rapid Deconstruction     Earth                        5
Comestibles
 d - 3 meat rations


   Skills:
 * Level 8.1 Fighting
 - Level 1.7 Dodging
 - Level 2.1 Stealth
 - Level 1.7 Spellcasting
   Level 0.8 Transmutations
   Level 3.2 Earth Magic
 * Level 0.4 Invocations


You had 9 spell levels left.
You didn't know any spells.

Dungeon Overview and Level Annotations

Branches:
Dungeon (6/15)             Temple (1/1) D:4

Altars:
Ashenzari
Cheibriados
Dithmenos
Elyvilon
Fedhas
Gozag
Kikubaaqudgha
Nemelex Xobeh
Okawaru
Pakellas
Qazlal
Ru
Sif Muna
Trog
Vehumet
Xom
Yredelemnul
Zin
The Shining One

Shops:
D:4 [

Annotations:
D:4 Dowan


Innate Abilities, Weirdness & Mutations

Your body is rotting away.
You thrive on raw meat.
You are immune to poison.
You have sharp fingernails.
You are carnivorous and can eat meat at any time.
Your flesh is cold resistant.
You are immune to negative energy.
You regenerate slowly when monsters are visible.
You are immune to unholy pain and torment.
You can survive without breathing.


Message History

Something shocks you.
* * * LOW HITPOINT WARNING * * *
You closely miss something. Something barely misses you.
You barely miss something.
A sky beast appears from thin air!
Reactivating autopickup.
The sky beast barely misses you.
You hit the sky beast but do no damage.
The sky beast is severely wounded.
The sky beast hits you.
* * * LOW HITPOINT WARNING * * *
The sky beast shocks you.
* * * LOW HITPOINT WARNING * * *
You closely miss the sky beast.
The sky beast is severely wounded.
The sky beast flickers out of sight!
Deactivating autopickup; reactivate with Ctrl-A.
Something hits you.
* * * LOW HITPOINT WARNING * * *
Something shocks you.
You die...

##........#... ...........
####.###########.####.... #.#
#.# ##... #.# #.####.... ##.#
#.##...... ###..#####
#.#....... ###....<...#
#......... ##_##.......#####
#....%....
##...##..../@{Z.(###...Z.....
#8.♣.8#......###.≈.(((.......
#...##......# #...≈.........
##.###.###### #.............
#'#♣#.# #..........(..
♣...'.# #...........(#
#'#♣### #..........### ##.##
#..>.......# ##...##
#..........#


You could see a giant gecko skeleton.

Vanquished Creatures
  Duvessa (D:4)
  2 ogres (D:4)
  A scorpion (D:4)
  A centaur skeleton (D:5)
  2 worker ants
  3 gnolls (D:3)
  5 adders
  An ooze (D:3)
  3 worms
  2 dart slugs (D:3)
  4 giant geckos
  10 orcs
  2 bats
  4 giant cockroaches
  2 goblins
  5 hobgoblins
  6 jackals (D:3)
  9 kobolds
  3 quokkas
  3 ball pythons
  A giant newt (D:3)
  A rat (D:1)
71 creatures vanquished.

Notes
Turn   | Place    | Note
--------------------------------------------------------------
     0 | D:1      | Chiseanne the Ghoul Earth Elementalist began the quest for the Orb.
     0 | D:1      | Reached XP level 1. HP: 14/14 MP: 2/2
   235 | D:1      | Reached skill level 1 in Fighting
   292 | D:1      | Reached XP level 2. HP: 16/24 MP: 3/3
   624 | D:2      | Reached skill level 2 in Fighting
   798 | D:2      | Reached skill level 3 in Fighting
   798 | D:2      | Reached XP level 3. HP: 13/30 MP: 4/4
  1137 | D:2      | Found a shattered altar of Ashenzari.
  1486 | D:2      | Found an ancient bone altar of Kikubaaqudgha.
  1486 | D:2      | Found a deep blue altar of Sif Muna.
  1488 | D:2      | Found a radiant altar of Vehumet.
  1493 | D:2      | Identified Sif Muna's Catalogue of Calling
  1738 | D:3      | Reached XP level 4. HP: 40/40 MP: 5/5
  1745 | D:3      | Reached skill level 4 in Fighting
  2094 | D:3      | Reached XP level 5. HP: 46/47 MP: 6/6
  2495 | D:3      | Reached skill level 5 in Fighting
  2767 | D:4      | Noticed an ogre
  2779 | D:4      | Killed an ogre
  2779 | D:4      | Reached skill level 6 in Fighting
  2877 | D:4      | Reached XP level 6. HP: 58/58 MP: 7/7
  3139 | D:4      | Noticed Duvessa
  3143 | D:4      | Noticed Dowan
  3345 | D:4      | Found Ostue's Armour Boutique.
  4016 | D:4      | Reached skill level 7 in Fighting
  4053 | D:4      | Found a staircase to the Ecumenical Temple.
  4059 | Temple   | Entered the Ecumenical Temple
  4087 | Temple   | Became a worshipper of Warmaster Okawaru
  4154 | D:4      | Killed Duvessa
  4154 | D:4      | Reached XP level 7. HP: 53/67 MP: 8/8
  4452 | D:5      | Entered Level 5 of the Dungeon
  4488 | D:5      | Found a bloodstained altar of Trog.
  4499 | D:5      | Found a stormy altar of Qazlal.
  4522 | D:5      | Reached skill level 8 in Fighting
  5773 | D:5      | HP: 3/65 [something (1)]
  5773 | D:5      | Slain by a sky beast

Skill      XL: |  1  2  3  4  5  6  7 |
---------------+----------------------+-----
Fighting       | 1 3 4 6 7 8 |  8.1
Dodging        | |  1.7
Stealth        | |  2.1
Spellcasting   | |  1.7
Transmutations | |  0.8
Earth Magic    | |  3.2
Invocations    | |  0.4

Action                   |  1- 3 |  4- 6 |  7- 9 || total
-------------------------+-------+-------+-------++-------
Melee: Mace              |    60 |     7 |       ||    67
       Unarmed           |     3 |       |    19 ||    22
       Whip              |       |   161 |   196 ||   357
 Fire: Hunting sling     |    31 |    76 |   132 ||   239
Throw: Stone             |       |       |     1 ||     1
 Cast: Sandblast         |     2 |       |       ||     2
Evoke: Wand              |       |       |    10 ||    10
  Use: Scroll            |     3 |     4 |     4 ||    11
       Potion            |     2 |     1 |     4 ||     7
 Stab: Sleeping          |     3 |     2 |       ||     5
  Eat: Chunk             |    11 |    38 |     1 ||    50
Armor: Robe              |    11 |    26 |    59 ||    96
Dodge: Dodged            |    57 |   130 |   179 ||   366
